 Dungeon Crawl Stone Soup version 0.26.1-2-gb8aa6d0cf2 (webtiles) character file.

Game seed: 15468933511495475680

256 windgrace the Grave Robber (level 5, -1/35 HPs)
             Began as a Mummy Necromancer on Feb 10, 2021.
             Was a Follower of Makhleb.
             Slain by a bullfrog zombie (6 damage)
             ... on level 5 of the Dungeon.
             The game lasted 00:22:28 (4489 turns).

windgrace the Grave Robber (Mummy Necromancer)      Turns: 4489, Time: 00:22:29

Health: -1/35      AC:  4    Str: 11    XL:     5   Next: 92%
Magic:  30/30      EV: 11    Int: 20    God:    Makhleb [*.....]
Gold:   205        SH:  0    Dex: 12    Spells: 4/14 levels left

rFire    x . .     SeeInvis .   f - +0 whip
rCold    . . .     Faith    .   (no shield)
rNeg     + + +     Spirit   .   n - +1 leather armour "Xulo" {+Inv rC- MP+9 Int+4}
rPois    ∞         Reflect  .   (no helmet)
rElec    .         Harm     .   (no cloak)
rCorr    .         Rampage  .   (no gloves)
Will     .....                  (no boots)
Stlth    +++.......             (no amulet)
HPRegen  0.11/turn              d - ring of stealth
MPRegen  0.22/turn              g - ring of magical power

@: no status effects
A: no potions, fire vulnerability, cold resistance 1, negative energy resistance
3, torment resistance, unbreathing
a: Renounce Religion, Evoke Invisibility


You were on level 5 of the Dungeon.
You worshipped Makhleb.
Makhleb was aware of your devotion.
You visited 1 branch of the dungeon, and saw 5 of its levels.

You collected 205 gold pieces.

Inventory:

Hand Weapons
 f - a +0 whip (weapon)
Armour
 a - a +0 robe
 n - the +1 leather armour "Xulo" (worn) {+Inv rC- MP+9 Int+4}
   (You found it on level 5 of the Dungeon)

   It affects your intelligence (+4).
   It makes you vulnerable to cold.
   It affects your magic capacity (+9).
   It lets you turn invisible.
Jewellery
 d - a ring of stealth (left hand)
 g - a ring of magical power (right hand)
Wands
 h - a wand of digging (4)
Scrolls
 b - a scroll of teleportation {unknown}
 c - 2 scrolls of identify
 e - a scroll of remove curse
 i - a scroll of fear
 j - a scroll of noise
 k - a scroll of amnesia {unknown}
 l - a scroll of blinking {unknown}
 m - a scroll of immolation {unknown}


   Skills:
 + Level 0.2 Fighting
 + Level 1.7 Dodging
 + Level 1.7 Stealth
 + Level 5.4 Spellcasting
 + Level 5.8 Necromancy


You had 4 spell levels left.
You knew the following spells:

 Your Spells              Type           Power        Failure   Level
a - Pain                  Necr           100%         1%          1
b - Animate Skeleton      Necr           56%          1%          1
c - Vampiric Draining     Necr           14%          4%          3
d - Agony                 Necr           28%          36%         5

Your spell library contained the following spells:

 Spells                   Type           Power        Failure   Level
 Animate Dead             Necr           14%          13%         4


Dungeon Overview and Level Annotations

Branches:
Dungeon (5/15)             Temple (0/1) D:4

Altars:
Elyvilon
Makhleb
Nemelex Xobeh
Okawaru
Sif Muna
Wu Jian
The Shining One


Innate Abilities, Weirdness & Mutations

You do not drink.
Your flesh is vulnerable to fire.
You are immune to poison.
Your flesh is cold resistant. (rC+)
You are immune to negative energy. (rN+++)
You are immune to unholy pain and torment.
You can survive without breathing.


Message History

The bullfrog zombie hits you but does no damage.
You hit the bullfrog zombie.
The bullfrog zombie is severely damaged.
The bullfrog zombie barely misses you.
You hit the bullfrog zombie.
The bullfrog zombie is severely damaged.
The bullfrog zombie hits you.
You hit the bullfrog zombie.
The bullfrog zombie is almost destroyed.
The bullfrog zombie hits you. The bullfrog zombie barely misses you.
You barely miss the bullfrog zombie.
The bullfrog zombie is almost destroyed.
The bullfrog zombie hits you.
* * * LOW HITPOINT WARNING * * *
The bullfrog zombie hits you.
* * * LOW HITPOINT WARNING * * *
As you read the scroll labelled KINIET EFAE, it crumbles to dust.
You assume a fearsome visage.
The bullfrog zombie is unaffected.
It was a scroll of fear.
The bullfrog zombie hits you.
You die...

..........# #...
..........# #...
#........# #...
#........#####...
#................
#=...............
#................
########.[...........###
#......@.............#
#......Z###+####.....#
#.......# #.....#
#..........≈. ......#
####..≈.≈.... ≈..###
≈≈≈≈.≈≈≈≈.≈≈ ≈≈≈
##≈≈≈.≈≈≈≈≈≈≈
##.≈......≈≈ ..........≈


You could see a bullfrog zombie.

Vanquished Creatures
  A scorpion (D:4)
  3 worker ants (D:4)
  2 adders
  2 oozes (D:2)
  An adder zombie (D:5)
  5 worms
  2 dart slugs
  4 leopard geckos
  A giant cockroach (D:1)
  12 goblins
  8 hobgoblins
  7 jackals
  A quokka (D:3)
  8 bats
  3 frilled lizards
  12 kobolds
  8 rats
80 creatures vanquished.

Vanquished Creatures (collateral kills)
  A worm (D:2)
1 creature vanquished.

Grand Total: 81 creatures vanquished

Notes
Turn   | Place    | Note
-------+----------+-------------------------------------------
     0 | D:1      | windgrace the Mummy Necromancer began the quest for the
                  | Orb.
     0 | D:1      | Reached XP level 1. HP: 13/13 MP: 4/4
     2 | D:1      | Learned a level 1 spell: Animate Skeleton
   183 | D:1      | Reached XP level 2. HP: 19/19 MP: 3/5
   737 | D:1      | Reached XP level 3. HP: 16/24 MP: 0/7
  1004 | D:1      | Learned a level 3 spell: Vampiric Draining
  1654 | D:2      | Found a burning altar of Makhleb.
  1667 | D:2      | Became a worshipper of Makhleb the Destroyer
  1713 | D:2      | Found an iron altar of Okawaru.
  1974 | D:2      | Reached XP level 4. HP: 30/30 MP: 9/9
  2218 | D:2      | Found an ornate altar of the Wu Jian Council.
  2219 | D:2      | Found a sparkling altar of Nemelex Xobeh.
  2378 | D:3      | Reached skill level 5 in Necromancy
  2785 | D:3      | Reached * piety under Makhleb
  3153 | D:3      | Found a shimmering blue altar of Sif Muna.
  3315 | D:4      | Reached XP level 5. HP: 33/35 MP: 9/12
  3400 | D:4      | Found a white marble altar of Elyvilon.
  3473 | D:4      | Found a staircase to the Ecumenical Temple.
  3757 | D:4      | Found a glowing golden altar of the Shining One.
  4003 | D:4      | Reached skill level 5 in Spellcasting
  4056 | D:4      | Learned a level 5 spell: Agony
  4367 | D:5      | Entered Level 5 of the Dungeon
  4401 | D:5      | Got a warped leather armour
  4412 | D:5      | Identified the +1 leather armour "Xulo" {+Inv rC- MP+9
                  | Int+4} (You found it on level 5 of the Dungeon)
  4489 | D:5      | Slain by a bullfrog zombie

Illustrated notes

Levels and vault maps discovered:
D:1:      dpeg_arrival_subterranean_lakeside_camping, layout_rooms
D:2:      layout_loops_cross, lemuel_crystal_altar, okawaru_trees_1,
          gammafunk_temple_overflow_pools
D:3:      layout_rooms, lemuel_blue_sif_altar
D:4:      layout_gridville, lemuel_round_altar, minmay_temple_entry_mist,
          nicolae_tso_swordbearing_angel
D:5:      layout_gridville, gammafunk_ghost_stat_death,
          chequers_serial_rivers_small_3

Skill      XL: |  1  2  3  4  5 |
---------------+----------------+-----
Spellcasting   | 3 4 5 |  5.4
Necromancy     | 5 |  5.8
Fighting       | |  0.2
Dodging        | |  1.7
Stealth        | |  1.7

Action                   |  1- 3 |  4- 6 || total
-------------------------+-------+-------++-------
Melee: Unarmed           |    19 |       ||    19
       Whip              |       |    25 ||    25
 Cast: Pain              |    76 |    77 ||   153
       Animate Skeleton  |     2 |     3 ||     5
       Vampiric Draining |     6 |    14 ||    20
  Use: Scroll            |       |     3 ||     3
 Stab: Sleeping          |     1 |     1 ||     2
Armor: Robe              |     9 |     4 ||    13
       Leather armour    |       |     6 ||     6
Dodge: Dodged            |    29 |    22 ||    51
